 Dungeon Crawl Stone Soup version 0.30-a0-726-gd89dcf765f (webtiles) character file.

Game seed: 14663031076950944265

63 Arximoufas the Conjurer (level 3, -2/19 HPs)
             Began as a Deep Elf Conjurer on Jan 29, 2023.
             Killed by divine providence
             ... invoked by an orc priest
              (12 damage)
             ... on level 3 of the Dungeon.
             The game lasted 00:05:23 (2375 turns).

Arximoufas the Conjurer (Deep Elf Conjurer)         Turns: 2375, Time: 00:05:24

Health: -2/19      AC:  2    Str:  4    XL:     3   Next: 89%
Magic:  8/9        EV: 12    Int: 24    God:
Gold:   79         SH:  0    Dex: 13    Spells: 5/8 levels left

rFire   + . .      SeeInvis .    (no weapon)
rCold   + . .      Faith    .    (no shield)
rNeg    . . .      Spirit   .    a - +0 robe
rPois   +          Reflect  .    (no helmet)
rElec   +          Harm     .    (no cloak)
rCorr   +          Rampage  .    (no gloves)
Will    .....                    (no boots)
Stlth   +++                      p - amulet of regeneration
HPRegen 1.03/turn                (no ring)
MPRegen 0.11/turn                (no ring)

@: resistant
A: no striking features
a: no special abilities


You were on level 3 of the Dungeon.
You visited 1 branch of the dungeon, and saw 3 of its levels.

You collected 79 gold pieces.

Inventory:

Missiles
 i - a throwing net
Armour
 a - a +0 robe (worn)
 g - an orb of energy
Jewellery
 p - an amulet of regeneration (around neck)
Scrolls
 e - a scroll of blinking {unknown}
 f - 3 scrolls of identify {unknown}
 k - a scroll of brand weapon {unknown}
 m - a scroll of teleportation {unknown}
 o - a scroll of noise {unknown}
 q - a scroll of amnesia {unknown}
 r - 2 scrolls of magic mapping {unknown}
 s - a scroll of fear {unknown}
 u - a scroll of vulnerability {unknown}
Potions
 b - a potion of magic
 c - 2 potions of resistance
 d - 3 potions of brilliance {unknown}
 h - a potion of curing {unknown}
 j - a potion of lignification {unknown}
 l - 2 potions of attraction {unknown}
 n - 2 potions of heal wounds {unknown}
 t - a potion of ambrosia {unknown}


   Skills:
 - Level 2.4 Dodging
 + Level 4.1 Stealth
 + Level 3.3 Spellcasting
 - Level 5.1 Conjurations
 + Level 0.5 Fire Magic


You had 5 spell levels left.
You knew the following spells:

 Your Spells              Type           Power      Damage    Failure   Level
a - Magic Dart            Conj           100%       1d8       1%          1
b - Scorch                Fire           12%        2d6       13%         2

Your spell library contained the following spells:

 Spells                   Type           Power      Damage    Failure   Level
 Searing Ray              Conj           56%        2d6       1%          2
 Dazzling Flash           Conj/Hex       32%        N/A       11%         3
 Ensorcelled Hibernation  Hex/Ice        8%         N/A       16%         2
 Gell's Gravitas          Tloc           4%         N/A       30%         3
 Teleport Other           Tloc           4%         N/A       30%         3
 Fulminant Prism          Conj/Hex       8%         3d7       36%         4
 Iskenderun's Mystic Bla  Conj/Tloc      16%        2d5       36%         4
 Ice Form                 Ice/Tmut       4%         N/A       71%         4
 Starburst                Conj/Fire      8%         6d4       99%         6
 Dispersal                Tloc           2%         N/A       100%        6


Dungeon Overview and Level Annotations

Branches:
Dungeon (3/15)

Altars:


Message History

Press: ? - help, Q - select action, (/) - cycle Shift-Dir - straight line, f - you
Okay, then.
Found a trident.
r - 2 scrolls labelled ZIDGHA BUOKHLE (gained 1)
A frilled lizard comes into view.
Aiming: Magic Dart (safe; 1% risk of failure)
Press: ? - help, Q - select action, (/) - cycle Shift-Dir - straight line, f - frilled lizard
Aim: a frilled lizard (asleep, 100% to hit)
The magic dart hits the frilled lizard.
You kill the frilled lizard!
You see here a bat corpse.
You open the gate. 3 orcs come into view.
The orc shouts! x3
Aiming: Magic Dart (safe; 1% risk of failure)
Press: ? - help, Q - select action, (/) - cycle Shift-Dir - straight line, f - orc
Aim: an orc, wielding a +0 club and wearing a +0 leather armour (100% to hit)
The magic dart hits the orc.
The orc is heavily wounded.
An orc priest comes into view. It is wielding a +0 trident.
Aiming: Magic Dart (safe; 1% risk of failure)
Press: ? - help, Q - select action, (/) - cycle Shift-Dir - straight line, f/p - orc
Aim: an orc, wielding a +0 club and wearing a +0 leather armour (heavily wounded, 100% to hit)
The magic dart hits the orc.
You kill the orc!
The orc priest shouts!
The orc priest mumbles some strange prayers to Beogh against you.
Beogh smites you!
Ouch! That really hurt!
* * * LOW HITPOINT WARNING * * *
It was a potion of resistance.
You feel protected.
The orc priest begins to cast a cantrip, but forgets the words!
You see here a bat corpse.
You see here a +0 trident.
The orc attacks as you move away! The orc hits you with a +0 short sword.
The orc priest invokes the aid of Beogh against you.
Beogh smites you!
Ouch! That really hurt!
You die...

### ..# #.# #.# #.#
#####.###################
+.....o)@.........>......
#####o#.##########..#####
#.#.# #..# #
#o#.##########..# #
#.#.............# #
#####†.........###.######
#......o........#........
#.###'''###.....#..<.....
......##.[..#..######


You could see an orc priest and 2 orcs.

Vanquished Creatures
  An orc (D:3)
  8 ball pythons
  4 endoplasms
  4 giant cockroaches
  6 goblins
  8 hobgoblins
  5 kobolds
  4 quokkas (D:1)
  6 bats
  3 frilled lizards
  4 rats
53 creatures vanquished.

Notes
Turn   | Place    | Note
-------+----------+-------------------------------------------
     0 | D:1      | Arximoufas the Deep Elf Conjurer began the quest for the
                  | Orb.
     0 | D:1      | Reached XP level 1. HP: 10/10 MP: 6/6
   319 | D:1      | Reached XP level 2. HP: 15/15 MP: 6/8
   599 | D:1      | Reached skill level 5 in Conjurations
   599 | D:1      | Reached XP level 3. HP: 19/19 MP: 3/9
  1421 | D:2      | Got the Information on Brumal Arson
  1425 | D:2      | Learned a level 2 spell: Scorch
  2375 | D:3      | Killed from afar by an orc priest

Illustrated notes

Levels and vault maps discovered:
D:1:      minmay_arrival_widening_spiral_wide, layout_basic, st_stairs_8,
          minmay_cut_off
D:2:      layout_basic
D:3:      layout_basic, kennysheep_cluttered_room

Skill      XL: |  1  2  3 |
---------------+----------+-----
Stealth        | 3 4 |  4.1
Conjurations   | 5 |  5.1
Dodging        | |  2.4
Spellcasting   | |  3.3
Fire Magic     | |  0.5

Action                     || total
---------------------------++-------
   Cast: Magic Dart        ||    94
    Use: Potion            ||     1
  Dodge: Dodged            ||     2

Table legend: (Time is in decaauts)
 A = Elapsed time spent in this place.
 B = Non-inter-level travel time spent in this place.
 C = Inter-level travel time spent in this place.
 D = Time resting spent in this place.
 E = Time spent auto-exploring this place.
 F = Levels seen in this place.
 G = Mean time per level.
                   A        B        C        D        E       F      G
               +--------+--------+--------+--------+--------+-----+--------+
         Total |   2374 |   2280 |     94 |    118 |   1933 |   3 |  791.3 |
       Dungeon |   2374 |   2280 |     94 |    118 |   1933 |   3 |  791.3 |
               +--------+--------+--------+--------+--------+-----+--------+

Top non-repeatable levels by time:
     D:1: 1226 daAuts
     D:2: 1040 daAuts
     D:3: 107 daAuts
